 Dungeon Crawl Stone Soup version 0.28-b1-70-g80dc712255 (webtiles) character file.

Game seed: 15023569406474013125

184 crazypyro the Skirmisher (level 5, 0/42 HPs)
             Began as a Demonspawn Fighter on Feb 3, 2022.
             Slain by an orc wizard (4 damage)
             ... on level 3 of the Dungeon.
             The game lasted 00:02:48 (3077 turns).

crazypyro the Skirmisher (Demonspawn Fighter)       Turns: 3077, Time: 00:02:48

Health: 0/42       AC:  6    Str: 18    XL:     5   Next: 36%
Magic:  5/5        EV:  9    Int:  9    God:
Gold:   128        SH:  9    Dex: 13    Spells: 4/4 levels left

rFire   . . .      SeeInvis .   a - +0 war axe
rCold   . . .      Faith    .   c - +0 buckler
rNeg    . . .      Spirit   .   b - +0 scale mail
rPois   .          Reflect  .   (no helmet)
rElec   .          Harm     .   (no cloak)
rCorr   .          Rampage  .   (no gloves)
Will    .....                   (no boots)
Stlth   ..........              (no amulet)
HPRegen 0.14/turn               (no ring)
MPRegen 0.09/turn               (no ring)

@: no status effects
A: ignite blood 1, sturdy frame 1, weakness stinger 1, claws 1, large bone
plates 1, sense surroundings 1, MP-powered wands
a: no special abilities


You were on level 3 of the Dungeon.
You visited 1 branch of the dungeon, and saw 3 of its levels.

You collected 128 gold pieces.

Inventory:

Hand Weapons
 a - a +0 war axe (weapon)
Armour
 b - a +0 scale mail (worn)
 c - a +0 buckler (worn)
Scrolls
 e - 3 scrolls of blinking {unknown}
 f - 3 scrolls of identify {unknown}
 i - 2 scrolls of teleportation {unknown}
 j - a scroll of holy word {unknown}
Potions
 d - a potion of might


   Skills:
 + Level 4.0 Fighting
 + Level 2.9 Axes
 + Level 3.6 Armour
 + Level 3.6 Shields


You had 4 spell levels left.
You didn't know any spells.
Your spell library contained the following spells:

 Spells                   Type           Power      Damage    Failure   Level
 Ozocubu's Armour         Ice            0%         N/A       97%         3
 Ozocubu's Refrigeration  Ice            0%         4d5       100%        7


Dungeon Overview and Level Annotations

Branches:
Dungeon (3/15)

Altars:


Innate Abilities, Weirdness & Mutations

Your demonic aura sometimes causes spilled blood to erupt in flames.
Your movements are slightly less encumbered by armour. (ER -2)
You have a small tail.
You have sharp fingernails.
You are partially covered in large bone plates. (SH +4)
You passively map a small area around you.
You expend magic power (3 MP) to strengthen your wands.


Message History

Something hits you but does no damage.
You slash the adder!
You kill the adder!
You closely miss something.
You feel sick.
You are no longer poisoned.
You block something's attack. Something hits you but does no damage.
Your Fighting skill increases to level 4!
Things that are here:
a +0 club; a +0 leather armour; an adder corpse You miss something.
Your tail-slap misses something.
Something hits you.
You closely miss something.
Your tail-slap misses something.
Something hits you.
* * * LOW HITPOINT WARNING * * *
You barely miss something. Something hits you.
* * * LOW HITPOINT WARNING * * *
Something hits you.
* * * LOW HITPOINT WARNING * * *
You barely miss something. Something hits you but does no damage.
You hit something. You tail-slap something.
Something hits you but does no damage.
You miss something.
Something hits you but does no damage. x2
You barely miss something. Something hits you but does no damage.
You hit something but do no damage. Something hits you.
* * * LOW HITPOINT WARNING * * *
Something hits you.
* * * LOW HITPOINT WARNING * * *
You barely miss something. Something hits you but does no damage.
You barely miss something. Something hits you.
* * * LOW HITPOINT WARNING * * *
You closely miss something.
Something hits you but does no damage. x2
You hit something but do no damage. Something hits you.
* * * LOW HITPOINT WARNING * * *
You closely miss something.
An orc wizard appears from thin air!
Reactivating autopickup.
The orc wizard hits you but does no damage.
The orc wizard mumbles some strange words.
The orc wizard flickers and vanishes!
Deactivating autopickup; reactivate with Ctrl-A.
You closely miss something. Something hits you.
You die...

#........# ### #........#
#.. #........# ########..
#........# #.........
#........# #.....<#..
#........#######..#####..
#...........#.....#####).
######'###.#...........#
#.){@.#.............#
#.#.#.######.#......#
*#.#.......##.#......#
.,.#.)....##.#......#
*.#.. ....####.#......#
#.### .##.# .>.......' #
.. .# ###.....# * * .. .#
*#.#* , * ,


There were no monsters in sight!

Vanquished Creatures
  A phantom (D:2)
  4 adders
  3 worms (D:2)
  3 dart slugs
  8 orcs (D:3)
  3 endoplasms
  A giant cockroach (D:2)
  6 goblins
  2 hobgoblins
  13 kobolds
  3 ball pythons
  2 frilled lizards
  4 rats
53 creatures vanquished.

Vanquished Creatures (others)
  A kobold (D:3)
1 creature vanquished.

Grand Total: 54 creatures vanquished

Notes
Turn   | Place    | Note
-------+----------+-------------------------------------------
     0 | D:1      | crazypyro the Demonspawn Fighter began the quest for the
                  | Orb.
     0 | D:1      | Reached XP level 1. HP: 18/18 MP: 1/1
   158 | D:1      | Gained mutation: You have a small tail. [demonic ancestry]
   158 | D:1      | Reached XP level 2. HP: 21/24 MP: 2/2
   291 | D:1      | Found a faded altar of an unknown god.
  1152 | D:2      | Gained mutation: Your demonic aura sometimes causes spilled
                  | blood to erupt in flames. [demonic ancestry]
  1152 | D:2      | Reached XP level 3. HP: 29/29 MP: 3/3
  1702 | D:2      | Noticed a phantom
  1713 | D:2      | Killed a phantom
  1714 | D:2      | Reached XP level 4. HP: 4/37 MP: 4/4
  2573 | D:3      | Gained mutation: Your movements are slightly less
                  | encumbered by armour. (ER -2) [demonic ancestry]
  2573 | D:3      | Reached XP level 5. HP: 38/42 MP: 5/5
  3058 | D:3      | Gained mutation: You are partially covered in large bone
                  | plates. (SH +4) [potion of mutation]
  3058 | D:3      | Gained mutation: You passively map a small area around you.
                  | [potion of mutation]
  3058 | D:3      | Gained mutation: You have sharp fingernails. [potion of
                  | mutation]
  3058 | D:3      | Gained mutation: You expend magic power (3 MP) to
                  | strengthen your wands. [potion of mutation]
  3063 | D:3      | Reached skill level 4 in Fighting
  3077 | D:3      | Slain by an orc wizard

Illustrated notes

Levels and vault maps discovered:
D:1:      mushboom_english_gardens, layout_rooms,
          dreamdust_ecumenical_altar_grove
D:2:      layout_basic
D:3:      layout_basic, gammafunk_ghost_grave

Skill      XL: |  1  2  3  4  5 |
---------------+----------------+-----
Axes           | 2 |  2.9
Armour         | 3 |  3.6
Shields        | 3 |  3.6
Fighting       | 4 |  4.0

Action                   |  1- 3 |  4- 6 || total
-------------------------+-------+-------++-------
Melee: War axe           |    72 |    80 ||   152
       Tailslap          |     5 |     8 ||    13
  Use: Potion            |       |     2 ||     2
Armor: Scale mail        |    23 |    48 ||    71
Dodge: Dodged            |    22 |    21 ||    43
Block: Buckler           |    11 |    19 ||    30
